Cogmind - Beta 15 @@@ ROGUE MODE // 2025.10.11 @ 22:25:42 Player: DietSnapple Result: Destroyed by D-53 Grenadier with Mini Grenade Launcher Performance ------------- Evolutions (0) 0 Regions Visited (2) 400 Robots Destroyed (20) 100 Value Destroyed (299) 299 Prototype IDs (0) 0 Alien Tech Used (0) 0 Bonus (0) 0 TOTAL SCORE: 799 Bonus ------- None Cogmind --------- Core Integrity 0/250 Matter 131/300 Energy 98/100 System Corruption 5% Temperature Cool (0) Movement Core (50) Location -10/Mines Parts ------- > --- POWER (1) -------- (None) > --- PROPULSION (2) --- (None) > --- UTILITY (2) ------ (None) > --- WEAPON (2) ------- (None) > --- INVENTORY (5) ---- Improved Treads Improved Treads Improved Treads Improved Treads ECM Suite Peak State ------------ > --- POWER ------------ Improved Ion Engine > --- PROPULSION ------- Improved Treads Improved Treads > --- UTILITY ---------- Large Storage Unit Signal Interpreter > --- WEAPON ----------- Improved Light Cannon Improved Light Cannon > --- INVENTORY -------- Improved Ion Engine Improved Treads Improved Treads Improved Treads Improved Treads Improved Treads Improved Treads ECM Suite Improved Light Cannon Improved Light Cannon Grenade Launcher [Rating: 14] Favorites ----------- Power Improved Ion Engine Engine Improved Ion Engine Propulsion Improved Treads Treads Improved Treads Leg Aluminum Leg Wheel Wheel Utility Signal Interpreter Storage Small Storage Unit Processor Signal Interpreter Weapon Improved Light Cannon Energy Gun EM Pulse Gun Ballistic Cannon Improved Light Cannon Launcher Grenade Launcher Build | -11 -10 -10 ------- Run | Yrd Mat Min Slots Evolved . | . . . Power . | . . . Propulsion . | . . . Utility . | . . . Weapon . | . . . Parts Attached 17 | 7 8 2 Power 3 | 1 1 1 Engine 3 | 1 1 1 Core . | . . . Reactor . | . . . Propulsion 6 | 3 3 . Treads 4 | 1 3 . Leg 1 | 1 . . Wheel 1 | 1 . . Hover . | . . . Flight . | . . . Utility 3 | 1 2 . Device . | . . . Storage 2 | 1 1 . Processor 1 | . 1 . Hackware . | . . . Protection . | . . . Artifact . | . . . Weapon 5 | 2 2 1 Energy Gun 2 | 2 . . Energy Cannon . | . . . Ballistic Gun . | . . . Ballistic Cannon 2 | . 2 . Launcher 1 | . . 1 Special Weapon . | . . . Impact Weapon . | . . . Slashing Weapon . | . . . Piercing Weapon . | . . . Special Melee Weapon . | . . . Unidentified Prototypes . | . . . Parts Lost 5 | . . 5 Power 1 | . . 1 Propulsion 1 | . . 1 Utility . | . . . Weapon 3 | . . 3 Highest Loss Streak 5 | . . 5 To Critical Strikes . | . . . Average Backups 7 | 1 8 10 Power . | . . 1 Propulsion 4 | . 4 6 Utility . | . . . Weapon 2 | . 2 2 Tool/Special . | . . . Unused Backups 13 | . 4 9 Power 1 | . 1 . Propulsion 7 | . 1 6 Utility 2 | . 1 1 Weapon 3 | . 1 2 Tool/Special . | . . . Average Slot Usage (%) 98 | . 98 98 Engine 13 | . 14 13 Treads 26 | . 26 27 Leg 1 | . 1 . Storage 14 | . 14 14 Processor 12 | . 12 14 Energy Gun 2 | . 2 . Ballistic Cannon 25 | . 25 27 Peak Build Rating 14 | 6 13 14 Average Rating 10 | 1 11 13 On Entrance 6 | . 6 13 Naked Turns 2 | . . 2 Heaviest Build 35 | 14 35 35 Greatest Support 46 | 20 46 46 Greatest Overweight (x) . | . . . Average Overweight (x) . | . . . Largest Inventory Capacity 15 | 8 15 15 Average Capacity 10 | 5 10 14 Most Carried 11 | 8 10 11 Average Carried 7 | 1 8 10 Final Capacity 15 | 8 15 5 Final Carried 10 | 6 10 5 Class Distribution -------------------- 100% | Mutant Dominant Class ---------------- Mutant | -10/Materials Mutant | -10/Mines Resources | -11 -10 -10 ----------- Run | Yrd Mat Min Matter Collected 579 | 184 356 39 Remotely . | . . . Salvage Created 335 | . 304 31 Parts 35 | . 28 7 Haulers Intercepted 1 | . 1 . Recyclers Shooed . | . . . Parts Field Recycled . | . . . Retrieved Matter . | . . . Parts Self-Destructed . | . . . Prevented . | . . . Kills | -11 -10 -10 ------- Run | Yrd Mat Min Combat Hostiles Destroyed 13 | . 10 3 Cannons 13 | . 10 3 Classes Destroyed 7 | . 7 . Worker 1 | . 1 . Builder 3 | . 2 1 Hauler 1 | . 1 . Operator 1 | . 1 . Watcher 1 | . 1 . Swarmer 9 | . 6 3 Grunt 4 | . 4 . Best Kill Streak 6 | . 6 3 Combat Bots Only 4 | . 4 3 Max Kills in Single Turn 2 | . 2 1 Gunslinging . | . . . Exploded . | . . . Melee . | . . . Uniques/NPCs Destroyed . | . . . Combat | -11 -10 -10 -------- Run | Yrd Mat Min Hostile Shots Fired 80 | . 49 31 Missed 24 | . 17 7 Hits 56 | . 32 24 Projectile 56 | . 32 24 AOE 13 | . . 13 Damage Taken 932 | . 321 611 Core 260 | . 37 223 Absorbed by Shields . | . . . Core Remaining (%) 100 | 100 . . Volleys Fired 45 | . 33 12 Largest 2 | . 2 2 Hottest 66 | . 66 66 Shots Fired 84 | . 63 21 Gun . | . . . Cannon 81 | . 63 18 Launcher 3 | . . 3 Special . | . . . Kinetic 81 | . 63 18 Thermal . | . . . Explosive 3 | . . 3 Electromagnetic . | . . . Robot Hit Streak 4 | . 4 2 Robot Miss Streak 5 | . 4 5 Penetration Max . | . . . Secondary Targets . | . . . Shots Hit Robots 30 | . 23 7 Core Hits 28 | . 17 11 Critical Kills . | . . . Critical Parts Destroyed . | . . . Critical Strikes . | . . . Melee Attacks . | . . . Impact . | . . . Slashing . | . . . Piercing . | . . . Sneak Attacks . | . . . Combat Hostiles . | . . . Follow-up Attacks . | . . . Damage Inflicted 852 | . 638 214 Guns . | . . . Cannons 760 | . 638 122 Explosions 92 | . . 92 Melee . | . . . Ramming . | . . . Kinetic 760 | . 638 122 Thermal . | . . . Explosive 92 | . . 92 Electromagnetic . | . . . Impact . | . . . Slashing . | . . . Piercing . | . . . Highest Corruption 5 | . 5 5 Average Corruption 4 | . 3 5 Corruption Purged . | . . . Corruption Blocked . | . . . Effects 22 | . 16 6 Message Errors 4 | . 3 1 Matter Fused 8 | . 5 3 Heat Flow Errors 3 | . 3 . Energy Discharges 1 | . 1 . Data Loss (minor) 4 | . 2 2 Misfires 2 | . 2 . Overload Shots . | . . . Overflow Damage 18 | . 18 . Projectiles 18 | . 18 . Explosions . | . . . Melee . | . . . Knockbacks 5 | . 4 1 Impact . | . . . Kinetic 5 | . 4 1 Secondary . | . . . Self-Inflicted Damage . | . . . Shots . | . . . Rammed 1 | . 1 . Targets Rammed 1 | . 1 . Kicked . | . . . Crushed . | . . . Highest Temperature 271 | . 271 36 Average Temperature 62 | . 72 13 Received Heat Transfer 90 | . 90 . Effects 1 | . 1 . Interference 1 | . 1 . Siege Activations . | . . . Martial Activations . | . . . Shielding Activations . | . . . Robots Disrupted . | . . . Combat Hostiles . | . . . Robots Corrupted . | . . . Combat Hostiles . | . . . Parts Fried . | . . . Impact Corruptions . | . . . Robots Melted . | . . . Combat Hostiles . | . . . Parts Melted . | . . . Heat Transferred . | . . . Parts Sabotaged . | . . . Parts Stolen . | . . . Parts Stripped . | . . . Power Chain Reactions . | . . . Alert | -11 -10 -10 ------- Run | Yrd Mat Min Maximum Alert Level . | . . . Low Security (%) 100 | 100 100 100 Level 1 . | . . . Level 2 . | . . . Level 3 . | . . . Level 4 . | . . . Level 5 . | . . . High Security . | . . . Max Security . | . . . Peak Influence 142 | . 142 76 Initial 26 | . . 26 Average 30 | . 37 21 Influence Increases 425 | . 322 103 Destroy 0b10 Robot/C 260 | . 200 60 Destroy 0b10 Robot/NC 35 | . 30 5 Destroy Leader 54 | . 44 10 Successful Hack 10 | . 10 . Disable Machine 15 | . 15 . Destroy Structure 21 | . 8 13 Lose Combat Pursuer 30 | . 15 15 Influence Decreases 402 | . 253 149 Entered New Map 43 | . . 43 Time Decay 309 | . 253 56 Lost Part 50 | . . 50 Squads Dispatched 1 | . 1 . Investigation . | . . . Extermination . | . . . Reinforcement 1 | . 1 . Assault . | . . . Garrison . | . . . Intercept . | . . . Searches Triggered . | . . . Construction Impeded . | . . . Haulers Reinforced . | . . . Active Scanning Responses . | . . . Cargo Convoy Interrupts . | . . . Stealth | -11 -10 -10 --------- Run | Yrd Mat Min Distress Signals 3 | . 3 . Communications Jammed . | . . . Distress Signals . | . . . Times Spotted 27 | . 21 6 Peak Tracking Total 6 | . 6 3 Tactical Retreats 2 | . 1 1 Traps | -11 -10 -10 ------- Run | Yrd Mat Min Traps Triggered 3 | . 3 . Indirectly . | . . . Trap Hack Attempts . | . . . Triggered . | . . . Disarmed . | . . . Reprogrammed . | . . . Reused . | . . . Traps Extracted . | . . . Installed . | . . . Triggered . | . . . Machines | -11 -10 -10 ---------- Run | Yrd Mat Min Machines Disabled 1 | . 1 . Max in Single Turn 1 | . 1 . Machines Repaired . | . . . Machines Dismantled . | . . . Machines Sabotaged . | . . . Overloaded Fab Kills . | . . . Hacking | -11 -10 -10 --------- Run | Yrd Mat Min Machines Accessed 2 | . 2 . Terminals 2 | . 2 . Fabricators . | . . . Repair Stations . | . . . Recycling Units . | . . . Scanalyzers . | . . . Garrison Access . | . . . Total Hacks 8 | . 8 . Successful 4 | . 4 . Failed 4 | . 4 . Catastrophic . | . . . Database Lockouts . | . . . Manual 8 | . 8 . Terminals 8 | . 8 . Fabricators . | . . . Repair Stations . | . . . Recycling Units . | . . . Scanalyzers . | . . . Garrison Access . | . . . Terminal Hacks 3 | . 3 . Robot Analysis 2 | . 2 . Hauler Manifests 1 | . 1 . Fabricator Hacks . | . . . Repair Station Hacks . | . . . Recycling Unit Hacks . | . . . Scanalyzer . | . . . Garrison Access Hacks . | . . . Unauthorized Hacks 1 | . 1 . Terminals 1 | . 1 . Botnet 1 | . 1 . Fabricators . | . . . Repair Stations . | . . . Recycling Units . | . . . Scanalyzers . | . . . Garrison Access . | . . . Data Cores Recovered . | . . . Used . | . . . Hacking Detections 2 | . 2 . Full Trace Events . | . . . Feedback Events . | . . . Feedback Blocked . | . . . Robot Schematics Acquired . | . . . Robots Built . | . . . Authchips . | . . . Time . | . . . Total Robot Build Rating . | . . . Part Schematics Acquired . | . . . Parts Built . | . . . Authchips . | . . . Time . | . . . Total Part Build Rating . | . . . Parts Repaired . | . . . Time . | . . . Parts Recycled . | . . . Recycled Matter . | . . . Retrieved Matter . | . . . Retrieved Components . | . . . Parts Scanalyzed . | . . . Part Schematics Acquired . | . . . Parts Damaged . | . . . Bothacking | -11 -10 -10 ------------ Run | Yrd Mat Min Used RIF Installer . | . . . Robots Hacked . | . . . Non-combat . | . . . Combat . | . . . Robot Hacks Applied . | . . . Relay Couplers Released . | . . . Fabnet Peak Effective % . | . . . Robots Rewired . | . . . Allies Hacked . | . . . Hacks Repelled . | . . . Allies | -11 -10 -10 -------- Run | Yrd Mat Min Total Allies . | . . . Largest Group . | . . . Highest-Rated Group . | . . . Highest-Rated Ally . | . . . Total Orders . | . . . Ally Attacks . | . . . Total Damage . | . . . Kills . | . . . Allies Corrupted . | . . . Allies Melted . | . . . Intel | -11 -10 -10 ------- Run | Yrd Mat Min Active Infowar (turns) . | . . . Robot Analysis Total 2 | . 2 . Derelict Logs Recovered . | . . . Drone Launches . | . . . Drone Recoveries . | . . . Exploration | -11 -10 -10 ------------- Run | Yrd Mat Min Turns Passed 1785 | 266 1288 231 Spaces Moved 1064 | 212 728 124 Core 58 | 54 . 4 Treads 968 | 120 728 120 Legs . | . . . Wheels 38 | 38 . . Hover . | . . . Flight . | . . . Fastest Speed 50 | 50 160 50 Average Speed 151 | 117 160 156 Slowest Speed 160 | 160 160 160 Overloaded Moves . | . . . Propulsion Burnouts . | . . . Robots Hopped . | . . . Potential Cave-ins . | . . . Cave-ins Triggered . | . . . Exploration Rate (%) 42 | 7 95 24 Regions Visited 2 Branch Regions 1 Pre-discovered Areas 1 | . . 1 Known Exits Taken 1 | . 1 . Unknown Exits Taken 1 | 1 . . Scrap Searched . | . . . Spaces Dug . | . . . Terrain Destroyed 24 | . 7 17 Melee . | . . . Projectile 8 | . 7 1 AOE 16 | . . 16 Terrain Rammed . | . . . Walls Destroyed . | . . . Machines Disabled . | . . . Actions | -11 -10 -10 --------- Run | Yrd Mat Min Total 1160 | 226 794 140 Wait 4 | . 3 1 Move 1062 | 211 727 124 Hop . | . . . Pick Up 20 | 8 11 1 Fast Attach 5 | 4 1 . Attach 5 | 2 1 2 Detach . | . . . Swap 7 | 1 6 . Drop 11 | . 11 . Fire 45 | . 33 12 Melee . | . . . Ram . | . . . Kick . | . . . Crush 1 | . 1 . Escape Stasis . | . . . Rewire . | . . . Trap . | . . . Miscellaneous . | . . . Route ------- -11/Scrapyard -10/Materials (discovered 5 exits: *Mat x3 / *Min x2) -10/Mines (discovered 1 exit: *Mat) History --------- Turn | Location | Event 6 | -11/Scrapyard | Discovered new exit (range 13) 267 | -11/Scrapyard | Entered Materials 314 | -10/Materials | Build established: Mutant 524 | -10/Materials | Discovered new exit (range 9) 578 | -10/Materials | Identified exit to Materials 746 | -10/Materials | Discovered exit to Materials (range 5) 869 | -10/Materials | Discovered exit to Materials (range 8) 1010 | -10/Materials | Discovered new exit (range 11) 1036 | -10/Materials | Identified exit to Mines 1207 | -10/Materials | Discovered exit to Mines (range 5) 1555 | -10/Materials | Entered Mines 1556 | -10/Mines | Learned location of Storage (-7) 1581 | -10/Mines | Discovered exit to Materials (range 8) 1763 | -10/Mines | Assembled infested the area 1768 | -10/Mines | Assisted by a Guerilla fighting off Assembled 1783 | -10/Mines | Core integrity fell below 50% 1784 | -10/Mines | Core integrity fell below 20% 1784 | -10/Mines | Released all parts (4) 1786 | -10/Mines | Destroyed by D-53 Grenadier with Mini Grenade Launcher Last Messages --------------- 01763_ System corrupted: Matter fused (-7). 01768_ A derelict emerges from the shadows: "You need to get out of here! I've been tracking a group of Assembled to figure out where they're coming from, and they're closing on this area, come on!" 01769_ K-01 Serf collects debris. 01769_ 3D-EHW(h): "I'll hold them off! Go on ahead or try to find another way!" 01770_ D-53 Grenadier unfolds itself. 01771_ HV Slug penetrates Wall. 01772_ K-01 Serf collects debris. 01774_ 3D-EHW(h) destroyed. 01776_ Imp. Light Cannon destroyed. 01776_ Imp. Ion Engine destroyed. 01777_ U-05 Engineer destroyed. 01778_ Imp. Treads destroyed. 01780_ Imp. Light Cannon destroyed. 01783_ The unstable cave ceiling collapses. 01784_ Grenade Launcher destroyed. 01784_ Released Lrg. Storage Unit. 01784_ Released Signal Interpreter. 01784_ Released Imp. Treads. 01784_ Released Imp. Ion Engine. Map ----- +----------------------------------------------------+ | ?????## ##?????# #???## * #????????????????????? | | ??????# #?????# #??## #????????????????????? | | ??????# ####### ##?# #????????????????????? | | ??????# #?# #????????????????????? | | ??????## ######## ### #??????#######???????? | | ???????###??????# ## ! ##????## ! #???????? | | ????????????????# ! ##??## =#???????? | | ????????????????# #### #????????? | | ????????????????## !< ### #???? | | ?????????????????# ### #???? | | ?????????????????# ##?## ##### !#######???? | | ?????????????????# ! #???#r #???#### #?????????? | | ?????????????????## #???#% #??????# #?????????? | | ??????????????????## ##?### #??????# #?????????? | | ???????????????????###### #####??# #?????????? | | ??????????????????????## *"#??# #?????????? | | ??????????????????????# ##=##??# #?????????? | | ????????????????????### ##%#???# #?????????? | | ???????????????????## d ## ##### ######????? | | ?????????????????### ## #????? | | ????????????????## d ############# #????? | | ????????????????# #???????????????????? | | ????????????????# ##???????????????????? | | ????????????????# #???????????????????? | | ???????????????## = ##### ""????????????? | | ???????????????# =!] @ """???????????? | | ???????????????## =]* #### # ""????????????? | | ????????????????# #????????????????????? | | ????????????????## #????????????????????? | | ?????????????????## # ##????????????????????? | | ??????????????????###### #?????????????????????? | | ???????????????????????# #?????????????????????? | | ???????????????????????# ?????????????????????? | | ???????????????????????# #????????????????????? | | ???????????????????????# #????????????????????? | | ???????????????????????## ##????????????????????? | | ????????????????????????####?????????????????????? | | ?????????????????????????????????????????????????? | | ?????????????????????????????????????????????????? | | ?????????????????????????????????????????????????? | | ?????????????????????????????????????????????????? | | ?????????????????????????????????????????????????? | | ?????????????????????????????????????????????????? | | ?????????????????????????????????????????????????? | | ?????????????????????????????????????????????????? | | ?????????????????????????????????????????????????? | | ?????????????????????????????????????????????????? | | ?????????????????????????????????????????????????? | | ?????????????????????????????????????????????????? | | ?????????????????????????????????????????????????? | +----------------------------------------------------+ Best States ------------- Heat Dissipation 25 Energy Generation 12 Energy Capacity 265 Matter Stores 274 Matter Capacity 300 Sight Range 16 Terrain Scan Density 10 Evasion (%) 50 Recoil Reduction 2 Item Schematics ----------------- None Robot Schematics ------------------ None Fabricated ------------ Nothing Repaired ---------- Nothing Alien Tech Used ----------------- None Achievements -------------- None Challenges ------------ None Game ------ Seed SingularityTitaniumLauncher Manual? 0 Play Time 00:14:07 Cumulative 36.7 hours Start 2025.10.11 @ 19:23:54 End 2025.10.11 @ 22:25:42 Sessions 11 Manual Loads 0 Difficulty Rogue Special Mode None Game No. 88 Rogue 81 Adventurer 7 Explorer 0 Win Type - Total 1 Types 1/0/0/0/0/0/0/0/0/0 Lore% 9 Gallery% 30 Achievement% 30 Wizard Run 0 Options --------- Layout 0 ASCII 0 Keyboard 1 Movement Vi Keybinds 0 Fullscreen 1 Font 18/SmallcapsGlow Map View 112x50 Zoom Use 0% Tactical HUD 1 Map Filters NONE Filters NONE Steam X RUN: 991a14d8-4c45-4393-8ac0-9aee4c6911f8